 Dungeon Crawl Stone Soup version 0.31-a0-889-g1a8549509d (webtiles) character file.

Game seed: 14304525600033107071

3679 javelincjr the Mimic (level 9, -8/100 HPs)
             Began as a Troll Shapeshifter on Oct 16, 2023.
             Was an Elder of Jiyva.
             Mangled by a bone dragon (12 damage)
             ... on level 1 of the Abyss.
             The game lasted 00:23:17 (5868 turns).

javelincjr the Mimic (Troll Shapeshifter)           Turns: 5868, Time: 00:23:17

Health: -8/100     AC:  9    Str: 33    XL:     9   Next: 90%
Magic:  8/8        EV: 10    Int:  6    God:    Jiyva [****..]
Gold:   125        SH:  5    Dex:  9    Spells: 8/8 levels left

rFire   . .          .
                       - Unarmed
rCold   . . .        (shield currently unavailable)
rNeg    + . .        a - melded +0 animal skin
rPois   .            (helmet currently unavailable)
rElec   .            (cloak currently unavailable)
rCorr   +            (gloves unavailable)
SInv    .            (boots unavailable)
Will    .....        I - amulet of reflection
Stlth   +            h - ring of positive energy
HPRegen 2.44/turn    y - ring of flight
MPRegen 0.51/turn

%: reflection
@: snake-form, flying
A: constrict, boosted hp, large, unfitting armour, (claws 3), regeneration 1,
(shaggy fur 1), (tough skin 1), (gelatinous body 3), (pseudopods 1)
a: Begin Untransformation, Renounce Religion, Oozemancy, Slimify


You were on level 1 of the Abyss.
You worshipped Jiyva.
Jiyva was greatly pleased with you.
You were an enormous anaconda.
You visited 1 branch of the dungeon, and saw 8 of its levels.
You visited the Abyss 1 time.
You also visited: Sewer and Ossuary.

You collected 214 gold pieces.
You spent 89 gold pieces at shops.

Inventory:

Hand Weapons
 L - a +1 flail of draining
 M - a +5 morningstar
 N - a +4 trident
Missiles
 q - 2 silver javelins
Armour
 a - a +0 animal skin (melded)
 C - a +1 cloak of preservation
Jewellery
 h - a ring of positive energy (left hand)
 n - a +6 ring of intelligence
 y - a ring of flight (right hand)
 H - a ring of protection from cold
 I - an amulet of reflection (around neck)
Talismans
 c - a beast talisman
 d - a flux talisman
 l - a serpent talisman (active)
 D - a beast talisman
 Q - a granite talisman
Wands
 m - a wand of paralysis (12)
 B - a wand of flame (15)
 G - a wand of mindburst (22)
 K - a wand of roots (8)
Scrolls
 i - 8 scrolls of identify {unknown}
 o - 2 scrolls of noise {unknown}
 p - 2 scrolls of enchant armour {unknown}
 s - 2 scrolls of immolation
 t - 3 scrolls of silence {unknown}
 u - 4 scrolls of teleportation {unknown}
 v - a scroll of revelation {unknown}
 A - 2 scrolls of enchant weapon {unknown}
 E - a scroll of poison {unknown}
 J - a scroll of fear {unknown}
 P - a scroll of amnesia {unknown}
Potions
 b - 4 potions of lignification
 e - 3 potions of degeneration {unknown}
 f - 6 potions of heal wounds {unknown}
 g - 3 potions of invisibility {unknown}
 j - 4 potions of ambrosia {unknown}
 k - a potion of enlightenment {unknown}
 r - 4 potions of might {unknown}
 w - a potion of magic {unknown}
 x - 3 potions of mutation {unknown}
 z - 3 potions of haste {unknown}
 F - 2 potions of resistance {unknown}
 O - a potion of cancellation {unknown}


   Skills:
 + Level 4.0 Fighting
 + Level 4.3 Dodging
 + Level 5.6 Unarmed Combat
 * Level 11.0 Shapeshifting


You had 8 spell levels left.
You didn't know any spells.
Your spell library contained the following spells:

 Spells                   Type           Power      Damage    Failure   Level
 Ensorcelled Hibernation  Hex/Ice        0%         N/A       58%         2
 Jinxbite                 Hex            0%         N/A       58%         2
 Ignite Poison            Fire/Tmut/Pois 0%         N/A       83%         3
 Inner Flame              Hex/Fire       0%         N/A       83%         3
 Anguish                  Hex/Necr       0%         N/A       99%         4
 Flame Wave               Conj/Fire      0%         2d4       99%         4
 Sticky Flame             Conj/Fire      0%         2d3       99%         4
 Ignition                 Fire           0%         3d3       100%        8


Dungeon Overview and Level Annotations

Branches:
Dungeon (8/15)             Temple (0/1) D:6           Sewer (visited)
Ossuary (visited)
   Lair: D:8-11

Altars:
Elyvilon
Kikubaaqudgha
Ru
Sif Muna
Trog
Uskayaw
Xom
Zin

Shops:
D:1 =   D:3 *   D:6 **??

Annotations:
D:8 Psyche


Innate Abilities, Weirdness & Mutations

You are an enormous anaconda.
You have a powerful constriction melee attack.
Your maximum health is increased.
Your armour is entirely melded.
You are incapable of wielding weapons or throwing items.
You are too large for most types of armour.
((You have claws for hands.))
Your natural rate of healing is unusually fast.
((You are covered in fur. (AC +1)))
((You have tough skin. (AC +1)))
((Your gelatinous body deflects attacks. (AC +3, EV +3)))
((Armour fits poorly on your pseudopods.))


Message History

The bone dragon bites you but does no damage.
The bone dragon claws you but does no damage.
The bone dragon tramples you.
You hold your ground!
You hit the bone dragon but do no damage.
The bone dragon bites you! The bone dragon claws you!
You block the bone dragon's attack.
You hit the bone dragon.
The bone dragon is lightly damaged.
The bone dragon bites you but does no damage.
You block the bone dragon's attack.
The bone dragon tramples you but does no damage.
You lash the bone dragon!
The bone dragon is lightly damaged.
The bone dragon bites you!
The bone dragon claws you but does no damage.
The bone dragon closely misses you.
You hit the bone dragon.
The bone dragon is lightly damaged.
The bone dragon misses you.
The bone dragon claws you but does no damage.
The bone dragon tramples you but does no damage.
You hit the bone dragon.
The bone dragon is lightly damaged.
The starcursed mass shrieks in your mind.
The bone dragon bites you! The bone dragon barely misses you.
The bone dragon closely misses you.
You hit the bone dragon but do no damage.
The bone dragon is lightly damaged.
The starcursed mass shrieks in your mind.
The bone dragon bites you!!
* * * LOW HITPOINT WARNING * * *
The bone dragon closely misses you.
The bone dragon tramples you but does no damage.
As you read the scroll labelled LUSOSA NUDIMO, it crumbles to dust.
The creatures around you are filled with an inner flame!
It was a scroll of immolation.
The bone dragon closely misses you. The bone dragon claws you!
* * * LOW HITPOINT WARNING * * *
The bone dragon tramples you!
You die...

# # #.#### .
#.#...#...
..#...... ####
##D.#..... .
###S...#...#
##....X#4...##
. ##..#...
#..## .#
#.#..#..#....#.
####
###.#..##.#.##
... ###.## ##..
. . #.## .X##..
#. #.##.#.# .#.
## .#.


You could see a bone dragon (inner flame), a starcursed mass (inner flame), a
large abomination (inner flame) and a chaos spawn (inner flame).

Vanquished Creatures
  A cyclops (D:7)
  A wyvern (D:7)
  2 water moccasins
  An orc warrior (D:8)
  A black bear (D:6)
  2 ice beasts
  A sky beast (D:7)
  An ogre (D:5)
  A centaur (D:5)
  2 bullfrogs (D:7)
  A gnoll sergeant (D:5)
  4 water moccasin zombies (Ossuary)
  13 wights
  3 killer bees (D:6)
  A howler monkey (D:6)
  3 hounds
  4 jellies (Sewer)
  2 orc priests
  3 starcursed masses (Abyss:1)
  A gnoll bouda (D:5)
  6 sleepcaps
  Natasha (thrice) (D:3)
  Terence (D:3)
  2 orc wizards
  2 mummies (Ossuary)
  9 gnolls (D:5)
  8 adders
  2 river rats (Sewer)
  A white imp (D:5)
  An ufetubus (Abyss:1)
  4 adder zombies (Ossuary)
  2 worms
  3 dart slugs
  16 orcs
  3 ball pythons
  4 bats
  17 endoplasms
  7 giant cockroaches
  5 gnoll zombies (Ossuary)
  4 goblins
  6 hobgoblins
  4 jackals
  5 quokkas
  5 frilled lizards
  3 hobgoblin zombies (Ossuary)
  13 kobolds
  A kobold zombie (Ossuary)
  8 orc zombies (Ossuary)
  5 rats
198 creatures vanquished.

Vanquished Creatures (others)
  A great orb of eyes (Abyss:1)
  5 dream sheep (D:3)
  10 jellies
  A gnoll bouda (D:5)
  An iron imp (Abyss:1)
  2 gnolls (D:5)
  A goblin (D:4)
  2 jackals (D:4)
  5 kobolds (D:8)
28 creatures vanquished.

Grand Total: 226 creatures vanquished

Notes
Turn   | Place    | Note
-------+----------+-------------------------------------------
     0 | D:1      | javelincjr the Troll Shapeshifter began the quest for the
                  | Orb.
     0 | D:1      | Reached XP level 1. HP: 18/18 MP: 0/0
    78 | D:1      | Found Ranuc's Jewellery Shop.
    85 | D:1      | Reached skill level 1 in Fighting
   119 | D:1      | Reached XP level 2. HP: 25/27 MP: 1/1
   602 | D:1      | Found a faded altar of an unknown god.
   788 | D:2      | Reached XP level 3. HP: 17/33 MP: 2/2
   790 | D:2      | Reached skill level 4 in Shapeshifting
  1188 | D:3      | Found an ancient bone altar of Kikubaaqudgha.
  1226 | D:3      | Noticed Natasha
  1233 | D:3      | Killed Natasha
  1234 | D:3      | Reached XP level 4. HP: 36/41 MP: 3/3
  1321 | D:3      | Noticed Natasha
  1326 | D:3      | Killed Natasha
  1327 | D:3      | Reached skill level 5 in Shapeshifting
  1407 | D:3      | Noticed Terence
  1414 | D:3      | Killed Terence
  1415 | D:3      | Reached XP level 5. HP: 43/48 MP: 4/4
  1472 | D:3      | Found Zin's Purification Station.
  1474 | D:3      | Found a glowing silver altar of Zin.
  2144 | D:3      | Noticed a dream sheep
  2144 | D:3      | Noticed a dream sheep
  2144 | D:3      | Noticed a dream sheep
  2144 | D:3      | Noticed a dream sheep
  2144 | D:3      | Noticed a dream sheep
  2144 | D:3      | Found a shimmering altar of Xom.
  2147 | D:3      | Killed a dream sheep
  2147 | D:3      | Killed a dream sheep
  2147 | D:3      | Killed a dream sheep
  2149 | D:3      | Killed a dream sheep
  2151 | D:3      | Killed a dream sheep
  2272 | D:3      | Noticed Natasha
  2281 | D:3      | Killed Natasha
  2363 | D:4      | Found a white marble altar of Elyvilon.
  2378 | D:4      | Reached skill level 6 in Shapeshifting
  2505 | D:4      | Reached XP level 6. HP: 37/55 MP: 5/5
  2626 | D:4      | Found a glowing drain.
  2643 | Sewer    | Entered a sewer
  2776 | Sewer    | Found a viscous altar of Jiyva.
  2781 | Sewer    | Reached skill level 7 in Shapeshifting
  2896 | Sewer    | Became a worshipper of Jiyva Jixitwis the Shapeless
  3049 | D:4      | Reached XP level 7. HP: 45/62 MP: 6/6
  3284 | D:5      | Entered Level 5 of the Dungeon
  3441 | D:5      | Reached skill level 8 in Shapeshifting
  3588 | D:5      | Reached * piety under Jiyva
  3629 | D:5      | Found a sacrificial altar of Ru.
  3630 | D:5      | Found a shimmering blue altar of Sif Muna.
  3671 | D:5      | Reached skill level 9 in Shapeshifting
  3674 | D:5      | Reached XP level 8. HP: 56/70 MP: 7/7
  3807 | D:5      | Found a bloodstained altar of Trog.
  4106 | D:6      | Found Derurr's Assorted Antiques.
  4178 | D:6      | Bought a scroll labelled OMOUS WELLU for 31 gold pieces
  4178 | D:6      | Bought a scroll labelled BOHAXY CAIVES for 31 gold pieces
  4178 | D:6      | Bought a brown potion for 27 gold pieces
  4225 | D:6      | Reached ** piety under Jiyva
  4269 | D:6      | Found a hide-covered altar of Uskayaw.
  4337 | D:6      | Found Dacocw's General Store.
  4372 | D:6      | Found Vam Nogg's Magic Scroll Shoppe.
  4514 | D:6      | Found a staircase to the Ecumenical Temple.
  4705 | D:6      | Found Ywiuvaj's Magic Scroll Shoppe.
  4972 | D:7      | Reached *** piety under Jiyva
  5115 | D:7      | Noticed a cyclops
  5143 | D:7      | Killed a cyclops
  5144 | D:7      | Reached skill level 10 in Shapeshifting
  5144 | D:7      | Reached XP level 9. HP: 74/81 MP: 8/8
  5391 | D:8      | Reached **** piety under Jiyva
  5413 | D:8      | Found a sand-covered staircase.
  5465 | D:8      | Reached skill level 5 in Unarmed Combat
  5567 | D:8      | Noticed Psyche
  5579 | Ossuary  | Entered an ossuary
  5738 | Abyss:1  | Cast into level 1 of the Abyss (Psyche)
  5793 | Abyss:1  | Noticed a starcursed mass
  5796 | Abyss:1  | Gained mutation: Your rubbery body absorbs attacks. (AC +1,
                  | EV +1) [Jiyva's grace]
  5796 | Abyss:1  | Gained mutation: Your pliable body absorbs attacks. (AC +2,
                  | EV +2) [Jiyva's grace]
  5796 | Abyss:1  | Gained mutation: Your gelatinous body deflects attacks. (AC
                  | +3, EV +3) [Jiyva's grace]
  5796 | Abyss:1  | Gained mutation: Armour fits poorly on your pseudopods.
                  | [Jiyva's grace]
  5819 | Abyss:1  | Killed a great orb of eyes
  5836 | Abyss:1  | Killed a starcursed mass
  5837 | Abyss:1  | Reached skill level 11 in Shapeshifting
  5857 | Abyss:1  | Noticed a bone dragon
  5868 | Abyss:1  | HP: 4/100 [bone dragon (10)]
  5868 | Abyss:1  | Mangled by a bone dragon

Illustrated notes

Levels and vault maps discovered:
D:1:      amcnicky_arrival_blooded_trapdoor, layout_basic, serial_shops, shop,
          basic_ecumenical_altar
D:2:      layout_basic
D:3:      layout_loops_ring, mainiacjoe_overflow_surrounded_room,
          kb_xom_exploding_sheep, zin_purify, uniq_natasha, uniq_terence
D:4:      layout_rooms, elyvilon_altar_1, cheibrodos_sewer_entry_bend
D:5:      layout_basic, trog_three_pillars_becter,
          gammafunk_temple_overflow_pools
D:6:      layout_cave_pods, eat_drink_and_be_merry_uskayaw,
          minmay_temple_entry_hall, serial_glass, glass_columns_c,
          glass_columns_a, feat_on_display, serial_shops,
          nicolae_shop_behind_doors, nicolae_stop_n_shop_2, shop,
          nicolae_diamond_shop
D:7:      layout_cave_pools
D:8:      kennysheep_kobold_camp, layout_basic, erik_lair_island,
          nicolae_ossuary_entry_false_entrances, kennysheep_nondescript,
          nicolae_twisty_statue_hallways, uniq_psyche
Abyss:1:  base: D:1, evilmike_abyss_exit_12

Skill      XL: |  1  2  3  4  5  6  7  8  9 |
---------------+----------------------------+-----
Fighting       | 1 3 4 |  4.0
Shapeshifting  | 4 5 6 7 9 10 11 | 11.0
Dodging        | 3 4 |  4.3
Unarmed Combat | 4 5 |  5.6

Action                     |  1- 3 |  4- 6 |  7- 9 || total
---------------------------+-------+-------+-------++-------
  Melee: Unarmed           |    70 |   140 |   264 ||   474
         Punch             |     3 |     3 |     5 ||    11
         Constrict         |       |       |    51 ||    51
    Use: Scroll            |       |       |     1 ||     1
 Armour: Animal skin       |    68 |    76 |    35 ||   179
         Skin              |       |       |   145 ||   145
  Dodge: Dodged            |    48 |    54 |   111 ||   213
  Block: Other             |       |       |    13 ||    13
         Reflection        |       |       |     1 ||     1
   Form: Anaconda          |       |       |     1 ||     1

Table legend: (Time is in decaauts)
 A = Elapsed time spent in this place.
 B = Non-inter-level travel time spent in this place.
 C = Inter-level travel time spent in this place.
 D = Time resting spent in this place.
 E = Time spent auto-exploring this place.
 F = Levels seen in this place.
 G = Mean time per level.
                   A        B        C        D        E       F      G
               +--------+--------+--------+--------+--------+-----+--------+
         Total |   5840 |   5498 |    342 |      0 |   4058 |  11 |  530.9 |
       Dungeon |   5298 |   4956 |    342 |      0 |   3837 |   8 |  662.2 |
         Abyss |    127 |    127 |      0 |      0 |     60 |   1 |  127.0 |
         Sewer |    265 |    265 |      0 |      0 |     96 |   1 |  265.0 |
       Ossuary |    148 |    148 |      0 |      0 |     65 |   1 |  148.0 |
               +--------+--------+--------+--------+--------+-----+--------+

Top non-repeatable levels by time:
     D:6: 829 daAuts
     D:2: 815 daAuts
     D:1: 774 daAuts
     D:5: 748 daAuts
     D:3: 736 daAuts
     D:4: 686 daAuts
     D:7: 463 daAuts
   Sewer: 265 daAuts
     D:8: 245 daAuts
 Ossuary: 148 daAuts
 Abyss:1: 127 daAuts
